 Dungeon Crawl Stone Soup version 0.27-a0-1202-ge72e49191c (webtiles) character file.

Game seed: 12034567582746306695

124 Glokmah the Chopper (level 4, 0/41 HPs)
             Began as a Minotaur Fighter on June 4, 2021.
             Succumbed to an orc wizard's poison
             ... on level 3 of the Dungeon.
             The game lasted 00:03:04 (2192 turns).

Glokmah the Chopper (Minotaur Fighter)              Turns: 2192, Time: 00:03:05

Health: 0/41       AC: 10    Str: 20    XL:     4   Next: 81%
Magic:  3/3        EV:  5    Int:  5    God:
Gold:   78         SH:  0    Dex: 11    Spells: 3/3 levels left

rFire    . . .     SeeInvis .   a - +0 war axe
rCold    . . .     Faith    .   c - +0 kite shield
rNeg     . . .     Spirit   .   f - +0 chain mail
rPois    .         Reflect  .   (helmet restricted)
rElec    .         Harm     .   j - +0 cloak
rCorr    .         Rampage  .   (no gloves)
Will     .....                  (no boots)
Stlth    ..........             (no amulet)
HPRegen  0.13/turn              (no ring)
MPRegen  0.08/turn              (no ring)

@: confused, mighty, lethally poisoned (0 -> -33), ambrosia-drunk
A: horns 2, retaliatory headbutt
a: no special abilities


You were on level 3 of the Dungeon.
You visited 1 branch of the dungeon, and saw 3 of its levels.

You collected 78 gold pieces.

Inventory:

Hand Weapons
 a - a +0 war axe (weapon)
Missiles
 e - 22 stones
 l - 6 poisoned darts (quivered)
Armour
 c - a +0 kite shield (worn)
 f - a +0 chain mail (worn)
 j - a +0 cloak (worn)
Scrolls
 g - a scroll of teleportation {unknown}
 k - 6 scrolls of identify {unknown}
 m - a scroll of noise {unknown}


   Skills:
 + Level 4.5 Fighting
 * Level 4.6 Axes
 - Level 3.6 Armour
 + Level 4.6 Shields


You had 3 spell levels left.
You didn't know any spells.
Your spell library was empty.

Dungeon Overview and Level Annotations

Branches:
Dungeon (3/15)

Altars:

Shops:
D:2 (   D:3 :


Innate Abilities, Weirdness & Mutations

You have a pair of horns on your head.
You reflexively headbutt those who attack you in melee.


Message History

It was a potion of cancellation.
Your magical effects are unravelling.
You feel magically purged.
You float gracefully downwards.
You feel less confused.
* * * LOW HITPOINT WARNING * * *
You feel very sick. You block the orc wizard's attack.
It was a potion of magic.
Magic courses through your body.
* * * LOW HITPOINT WARNING * * *
You feel sick. You block the orc wizard's attack.
It was a potion of ambrosia.
You are confused.
You feel invigorated.
* * * LOW HITPOINT WARNING * * *
You feel sick.
The orc wizard hits you but does no damage.
You are more poisoned.
You feel very mighty all of a sudden.
* * * LOW HITPOINT WARNING * * *
You feel sick.
The orc wizard hits you but does no damage.
You are more poisoned.
You slash the orc wizard! Your headbutt misses the orc wizard.
The orc wizard is heavily wounded.
* * * LOW HITPOINT WARNING * * *
You feel very sick.
The orc wizard hits you with a +1 dagger of venom.
* * * LOW HITPOINT WARNING * * *
You are more poisoned.
The orc wizard hits you with a +1 dagger of venom.
* * * LOW HITPOINT WARNING * * *
You are more poisoned.
You bump into the rock wall.
* * * LOW HITPOINT WARNING * * *
You feel very sick.
The orc wizard hits you with a +1 dagger of venom.
* * * LOW HITPOINT WARNING * * *
You are more poisoned.
You bump into the rock wall.
You die...

#####>........†.∩..
#.....####.#.###...
#.....+............
#.....####.#.######
+..........#.#
#.....###....#
...#......'....#
#.######....# #@#
#.(..# #o# #....#
#(# ###### #.# #.#
#.# #.# #.#
######.#.#


You could see an orc wizard.

Vanquished Creatures
  An orc priest (D:3)
  A gnoll (D:1)
  3 adders
  A worm (D:2)
  A dart slug (D:1)
  An orc (D:3)
  6 bats
  7 endoplasms
  A giant cockroach (D:1)
  4 hobgoblins
  5 jackals (D:1)
  2 kobolds (D:1)
  2 quokkas
  2 ball pythons (D:1)
  3 frilled lizards
  4 goblins
  5 rats
49 creatures vanquished.

Vanquished Creatures (others)
  2 plants (D:1)
2 creatures vanquished.

Grand Total: 51 creatures vanquished

Notes
Turn   | Place    | Note
-------+----------+-------------------------------------------
     0 | D:1      | Glokmah the Minotaur Fighter began the quest for the Orb.
     0 | D:1      | Reached XP level 1. HP: 19/19 MP: 0/0
   297 | D:1      | Reached XP level 2. HP: 25/27 MP: 1/1
   679 | D:1      | Reached XP level 3. HP: 33/33 MP: 2/2
  1855 | D:2      | Reached XP level 4. HP: 37/40 MP: 3/3
  1974 | D:2      | Found Lekaeliwk's Weapon Shoppe.
  2134 | D:3      | Found Lelig's Book Shoppe.
  2187 | D:3      | HP: 1/41 [poisoned by an orc wizard]
  2192 | D:3      | Succumbed to an orc wizard's poison

Illustrated notes

Levels and vault maps discovered:
D:1:      arrival_zaba_pyramid, layout_basic, chequers_big_river
D:2:      layout_rooms, serial_shops, shop_statue
D:3:      minmay_evil_eye, layout_basic, serial_shops, shop, shop,
          ebering_ghost_sewer_f

Skill      XL: |  1  2  3 |
---------------+----------+-----
Axes           | 3 4 |  4.6
Fighting       | 4 |  4.5
Shields        | 4 |  4.6
Armour         | |  3.6

Action                   |  1- 3 |  4- 6 || total
-------------------------+-------+-------++-------
Melee: War axe           |    85 |    22 ||   107
       Headbutt          |    14 |     1 ||    15
Throw: Dart              |       |     2 ||     2
  Use: Potion            |       |     5 ||     5
Armor: Chain mail        |    35 |     9 ||    44
       Scale mail        |     1 |       ||     1
Dodge: Dodged            |    15 |     2 ||    17
Block: Kite shield       |    46 |    10 ||    56

Table legend: (Time is in decaauts)
 A = Elapsed time spent in this place.
 B = Non-inter-level travel time spent in this place.
 C = Inter-level travel time spent in this place.
 D = Time resting spent in this place.
 E = Time spent auto-exploring this place.
 F = Levels seen in this place.
 G = Mean time per level.
                   A        B        C        D        E       F      G
               +--------+--------+--------+--------+--------+-----+--------+
         Total |   2260 |   2048 |    212 |    213 |   1357 |   3 |  753.3 |
       Dungeon |   2260 |   2048 |    212 |    213 |   1357 |   3 |  753.3 |
               +--------+--------+--------+--------+--------+-----+--------+

Top non-repeatable levels by time:
     D:1: 1435 daAuts
     D:2: 754 daAuts
     D:3: 71 daAuts
